 Dungeon Crawl Stone Soup version 0.25-a0-353-ged6d547 (webtiles) character file.

Game seed: 15320001759381725317, levelgen mode: deterministic

14487 relicbr the Geomancer (level 11, -10/72 HPs)
             Began as a Deep Elf Earth Elementalist on Dec 31, 2019.
             Was a Priest of Vehumet.
             Mangled by a minotaur
             ... wielding a +5 falchion of freezing
              (13 damage)
             ... in a Gauntlet on Jan 2, 2020.
             The game lasted 00:54:48 (11661 turns).

relicbr the Geomancer (DEEE)                       Turns: 11661, Time: 00:54:49

Health: -10/72     AC: 12    Str: 14    XL:     11   Next: 89%
Magic:  15/27      EV: 13    Int: 27    God:    Vehumet [***...]
Gold:   203        SH:  0    Dex: 19    Spells: 21/30 levels left

rFire    + . .     SeeInvis +   a - +6 mace of Inuh Ucw {crush, rC+ rN+ Str+3}
rCold    + . .     Gourm    .   (no shield)
rNeg     + . .     Faith    .   n - +3 leather armour {rF+}
rPois    .         Spirit   .   x - +1 helmet
rElec    .         Reflect  .   H - +1 cloak
rCorr    .         Harm     .   L - +0 pair of gloves
MR       +....     NoTele   +   M - +0 pair of boots
Stlth    ++........             Q - amulet of regeneration
HPRegen  0.62/turn              C - +4 ring of dexterity
MPRegen  0.20/turn              U - ring "Nunaceumn" {Str+6 Int+3 SInv}

@: no status effects
A: no striking features
a: Renounce Religion


You were in a Gauntlet.
You worshipped Vehumet.
Vehumet was most pleased with you.
You were not hungry.

You visited 3 branches of the dungeon, and saw 13 of its levels.
You also visited: Gauntlet and Volcano.

You collected 661 gold pieces.
You spent 458 gold pieces at shops.

Inventory:

Hand Weapons
 a - the +6 mace of Inuh Ucw (weapon) {crush, rC+ rN+ Str+3}
   (You found it on level 5 of the Dungeon)

   It inflicts extra damage upon your enemies.
   It affects your strength (+3).
   It protects you from cold.
   It protects you from negative energy.
Missiles
 b - 51 stones
 t - 15 poisoned darts (quivered)
Armour
 g - a scarf of resistance
 n - a +3 leather armour of fire resistance (worn)
 x - a +1 helmet (worn)
 H - a +1 cloak (worn)
 K - a +0 troll leather armour
 L - a +0 pair of gloves (worn)
 M - a +0 pair of boots (worn)
Magical Staves
 S - an uncursed staff of air
Jewellery
 i - an uncursed ring of wizardry
 y - an uncursed ring of fire
 z - an uncursed ring of protection from cold
 C - a +4 ring of dexterity (left hand)
 Q - an amulet of regeneration (around neck)
 R - the ring of Ozeuh {Str+9 Stlth-}
   (You found it in a Gauntlet)

   [ring of attention]

   It affects your strength (+9).
   It makes you less stealthy.
 U - the ring "Nunaceumn" (right hand) {Str+6 Int+3 SInv}
   (You found it in a Gauntlet)

   [ring of strength]

   It affects your strength (+6).
   It affects your intelligence (+3).
   It lets you see invisible.
Wands
 j - a wand of flame (43)
 u - a wand of digging (6)
Scrolls
 c - 2 scrolls of magic mapping
 h - 2 scrolls of amnesia {unknown}
 m - 2 scrolls of fear {unknown}
 o - 2 scrolls of enchant armour
 q - 2 scrolls of enchant weapon {unknown}
 s - 5 scrolls of remove curse {unknown}
 v - a scroll of teleportation {unknown}
 w - 3 scrolls of fog {unknown}
 A - a scroll of immolation {unknown}
 E - a scroll of vulnerability {unknown}
 F - 2 scrolls of random uselessness {unknown}
 I - a scroll of torment {unknown}
Potions
 e - 4 potions of curing
 f - 2 potions of haste
 k - a potion of heal wounds {unknown}
 l - 2 potions of mutation {unknown}
 p - 3 potions of berserk rage {unknown}
 r - 3 potions of magic {unknown}
 B - 2 potions of flight
 D - 3 potions of cancellation {unknown}
 G - 3 potions of lignification {unknown}
 J - a potion of degeneration {unknown}
 N - 2 potions of might {unknown}
 O - a potion of brilliance {unknown}
 T - a potion of invisibility {unknown}
Miscellaneous
 P - a lightning rod (4/4)
Comestibles
 d - 21 rations


   Skills:
 - Level 10.0 Fighting
   Level 0.7 Short Blades
 - Level 2.5 Dodging
 - Level 2.4 Stealth
 - Level 10.2 Spellcasting
 * Level 10.0 Conjurations
   Level 1.1 Transmutations
 - Level 11.1 Earth Magic


You had 21 spell levels left.
You knew the following spells:

 Your Spells              Type           Power        Failure   Level  Hunger
a - Sandblast             Erth           ######       1%          1    None
b - Stone Arrow           Conj/Erth      ######       1%          3    None
c - Lee's Rapid Deconstr  Erth           ######....   1%          5    ####...

Your spell library contained the following spells:

 Spells                   Type           Power        Failure   Level  Hunger
 Airstrike                Air            ##........   14%         4    None
 Passwall                 Tmut/Erth      #####...     1%          2    None
 Petrify                  Tmut/Erth      #####...     4%          4    None


Dungeon Overview and Level Annotations

Branches:
Dungeon (10/15)            Temple (1/1) D:5            Lair (2/6) D:10
Volcano (visited)         Gauntlet (1/1)
  Swamp: Lair:2-4    Shoals: Lair:2-4     Snake: Lair:2-4    Spider: Lair:2-4
    Orc: D:9-12

Altars:
Ashenzari
Cheibriados
Dithmenos
Elyvilon
Fedhas
Gozag
Hepliaklqana
Kikubaaqudgha
Makhleb
Nemelex Xobeh
Okawaru
Qazlal
Ru
Sif Muna
Trog
Uskayaw
Vehumet
Wu Jian
Xom
Yredelemnul
Zin
The Shining One

Shops:
D:9 %[[[

Annotations:
Gauntlet 8 transporters, exclusion: lightning spire


Message History

The minotaur is severely wounded.
b - 52 stones The minotaur hits you with a +5 falchion of freezing!
* * * LOW HITPOINT WARNING * * *
The minotaur freezes you.
* * * LOW HITPOINT WARNING * * *
The minotaur closely misses you.
Okay, then.
Okay, then.
Casting: Sandblast (safe; 1% risk of failure)
Confirm with . or Enter, or press ? or * to list all spells.
Aiming: Sandblast (safe; 1% risk of failure)
Press: ? - help, Shift-Dir - straight line, f/p - minotaur
Aim: a minotaur, wielding a +5 falchion of freezing, wearing a cursed +0 plate armour and quivering 8 silver javelins (severely wounded)
The blast of sand hits the minotaur but does no damage.
The minotaur is severely wounded.
b - 51 stones The minotaur hits you but does no damage.
The minotaur gores you!
You die...

.................................
♣P.P♣...♣...♣...........♣..P♣P..♣
..............P...∩..............
≈≈≈#≈≈≈#≈≈≈#..♣P......♣..#≈≈≈#≈≈≈
#≈###≈###≈###...........###≈###≈#
### ### ##################### ###
.(...............#
#.♣.♣.©.©.©.©.♣.♣.#
#.....H@..........#
#####.###.###.#####
###.###.###.### #..(..........#
#.###.###.###.# #.....H.......#
#######'##### # .# ∩


You could see a minotaur.

Vanquished Creatures
  Harold (D:9)
  A satyr (shapeshifter) (Gauntlet)
  A sixfirhy (Gauntlet)
  A hell knight (Volcano)
  A salamander mystic (Volcano)
  2 wizards (Gauntlet)
  6 salamanders (Volcano)
  A spiny frog (Lair:1)
  A yaktaur (shapeshifter) (Gauntlet)
  2 trolls
  A hornet (D:9)
  2 hippogriffs
  12 yaks (Lair:1)
  2 wyverns
  Grum (Lair:1)
  A hungry ghost (D:9)
  A water moccasin (Lair:1)
  3 orc warriors
  3 porcupines (Lair:1)
  An eye of draining (D:10)
  An ice beast (D:10)
  A sky beast (D:6)
  A black bear (D:9)
  A necrophage (D:8)
  A phantom (D:9)
  2 wolves (Lair:1)
  5 ogres
  2 crocodiles (Lair:1)
  2 centaurs
  2 bullfrogs
  2 big kobolds
  Blork the orc (D:4)
  3 scorpions
  4 wights (D:6)
  4 killer bees (D:10)
  2 howler monkeys
  2 crimson imps
  2 centaur zombies
  4 orc priests
  4 hounds
  A bullfrog zombie (D:6)
  6 jellies
  Crazy Yiuf (D:2)
  3 bullfrog skeletons
  A centaur skeleton (D:10)
  A gnoll shaman (D:4)
  3 iguanas
  6 worker ants
  5 orc wizards
  2 worker ant zombies
  12 gnolls
  9 adders
  A howler monkey skeleton (D:9)
  4 shadow imps
  2 white imps (Gauntlet)
  4 ufetubi (Gauntlet)
  2 oozes
  An adder skeleton (D:4)
  An adder zombie (D:5)
  3 worms
  2 dart slugs
  2 leopard geckos (D:9)
  20 orcs
  2 ball pythons (D:1)
  4 giant cockroaches
  6 goblins
  6 hobgoblins
  2 jackals (D:2)
  2 quokkas
  10 bats
  6 frilled lizards
  A jackal skeleton (D:4)
  18 kobolds
  A quokka skeleton (D:6)
  8 rats
248 creatures vanquished.

Vanquished Creatures (others)
  2 fungi (Lair:1)
  A plant (Lair:1)
3 creatures vanquished.

Grand Total: 251 creatures vanquished

Notes
Turn   | Place    | Note
-------+----------+-------------------------------------------
     0 | D:1      | relicbr the Deep Elf Earth Elementalist began the quest for
                  | the Orb.
     0 | D:1      | Reached XP level 1. HP: 10/10 MP: 6/6
    93 | D:1      | Reached XP level 2. HP: 15/15 MP: 5/8
   100 | D:1      | Reached skill level 4 in Earth Magic
   880 | D:2      | Reached XP level 3. HP: 4/19 MP: 4/9
   935 | D:2      | Reached skill level 5 in Earth Magic
  1176 | D:2      | Reached XP level 4. HP: 6/24 MP: 3/10
  1729 | D:2      | Learned a level 3 spell: Stone Arrow
  1797 | D:2      | Found a runed translucent door.
  1798 | D:2      | Noticed Crazy Yiuf
  1873 | D:2      | Killed Crazy Yiuf
  2289 | D:3      | Reached skill level 6 in Earth Magic
  2411 | D:3      | Reached XP level 5. HP: 26/28 MP: 9/11
  2526 | D:3      | Found an ornate altar of the Wu Jian Council.
  2798 | D:4      | Noticed an ogre
  2799 | D:4      | Noticed an ogre
  2808 | D:4      | Killed an ogre
  2808 | D:4      | Reached skill level 7 in Earth Magic
  2810 | D:4      | Killed an ogre
  2810 | D:4      | Reached XP level 6. HP: 32/32 MP: 4/12
  2825 | D:4      | Reached skill level 8 in Earth Magic
  3103 | D:4      | Found a bloodstained altar of Trog.
  3259 | D:4      | Reached XP level 7. HP: 36/36 MP: 11/13
  3452 | D:4      | Found an opulent altar of Gozag.
  3481 | D:4      | Found a sacrificial altar of Ru.
  3642 | D:4      | You fall into a shaft and drop 1 floor!
  3642 | D:5      | Entered Level 5 of the Dungeon
  3709 | D:5      | Got a scorched mace
  3712 | D:5      | Identified the +6 mace of Inuh Ucw {crush, rC+ rN+ Str+3}
                  | (You found it on level 5 of the Dungeon)
  3776 | D:5      | Reached skill level 9 in Earth Magic
  3789 | D:5      | Learned a level 5 spell: Lee's Rapid Deconstruction
  3792 | D:5      | Found a blossoming altar of Fedhas.
  3793 | D:5      | Found a glowing golden altar of the Shining One.
  3931 | D:5      | Found a staircase to the Ecumenical Temple.
  3939 | Temple   | Entered the Ecumenical Temple
  3997 | Temple   | Became a worshipper of Vehumet
  4095 | D:5      | Reached skill level 1 in Conjurations
  4507 | D:4      | Noticed Blork the orc
  4509 | D:4      | Killed Blork the orc
  4509 | D:4      | Reached skill level 10 in Earth Magic
  4600 | D:4      | Found an iron altar of Okawaru.
  4681 | D:6      | Reached XP level 8. HP: 41/41 MP: 9/14
  4776 | D:6      | Found a stormy altar of Qazlal.
  4779 | D:6      | Reached * piety under Vehumet
  4779 | D:6      | Offered knowledge of Magic Dart by Vehumet.
  4899 | D:6      | Found a shimmering blue altar of Sif Muna.
  4922 | D:6      | Reached skill level 11 in Earth Magic
  5169 | D:6      | Reached skill level 1 in Fighting
  5169 | D:6      | Reached skill level 5 in Spellcasting
  5663 | D:7      | Noticed a hippogriff
  5688 | D:7      | Reached XP level 9. HP: 49/49 MP: 13/19
  6237 | D:8      | Found a shadowy altar of Dithmenos.
  6237 | D:8      | Found a sparkling altar of Nemelex Xobeh.
  6242 | D:8      | Found a basalt altar of Yredelemnul.
  6244 | D:8      | Found a glowing silver altar of Zin.
  6246 | D:8      | Found a faded altar of an unknown god.
  6549 | D:8      | Reached skill level 5 in Conjurations
  7149 | D:9      | Offered knowledge of Freeze by Vehumet.
  7149 | D:9      | Noticed a troll
  7155 | D:9      | Killed a troll
  7155 | D:9      | Reached skill level 5 in Fighting
  7162 | D:9      | Reached ** piety under Vehumet
  7323 | D:9      | Found Gycaq's Antique Armour Emporium.
  7326 | D:9      | Bought a dyed leather armour for 170 gold pieces
  7489 | D:9      | You fall into a shaft and drop 1 floor!
  7489 | D:10     | Entered Level 10 of the Dungeon
  7534 | D:9      | Found Gaekkeul's Antique Armour Shoppe.
  7540 | D:9      | Bought a pair of gloves for 153 gold pieces
  7574 | D:9      | Found Vefir's Antique Armour Shop.
  7580 | D:9      | Bought a pair of boots for 135 gold pieces
  7592 | D:9      | Noticed Harold
  7598 | D:9      | Killed Harold
  7598 | D:9      | Reached XP level 10. HP: 53/60 MP: 14/20
  7741 | D:9      | Found Monlisuyr's Food Emporium.
  8549 | D:10     | Found a staircase to the Lair.
  8585 | D:10     | Offered knowledge of Dazzling Flash by Vehumet.
  8869 | Lair:1   | Entered Level 1 of the Lair of Beasts
  8925 | Lair:1   | Found a dark tunnel.
  8944 | Volcano  | Entered a volcano
  8960 | Volcano  | Noticed a salamander mystic
  8967 | Volcano  | Killed a salamander mystic
  8995 | Volcano  | Found a bloodstained altar of Trog.
  8997 | Volcano  | Noticed a salamander
  9021 | Volcano  | Killed a salamander
  9114 | Volcano  | Noticed a salamander
  9121 | Volcano  | Killed a salamander
  9233 | Volcano  | Noticed a hell knight
  9235 | Volcano  | Noticed a salamander
  9236 | Volcano  | Noticed a salamander
  9263 | Volcano  | HP: 2/65 [salamander/arrow (2)]
  9268 | Volcano  | Killed a salamander
  9389 | Volcano  | Killed a salamander
  9389 | Volcano  | Reached XP level 11. HP: 40/69 MP: 7/21
  9688 | Volcano  | Killed a hell knight
 10047 | Lair:1   | Reached *** piety under Vehumet
 10212 | Lair:1   | Noticed Grum
 10229 | Lair:1   | Reached skill level 10 in Conjurations
 10230 | Lair:1   | Killed Grum
 10232 | Lair:1   | Reached skill level 10 in Fighting
 10726 | Lair:1   | Upgraded the game from 0.25-a0-346-g140ab78 to
                  | 0.25-a0-353-ged6d547
 11088 | Lair:2   | Found a gate leading to a gauntlet.
 11112 | Gauntlet | Entered a Gauntlet
 11112 | Gauntlet | Found a transporter.
 11138 | Gauntlet | Found a transporter.
 11138 | Gauntlet | Noticed a mana viper
 11138 | Gauntlet | a wind drake changed into a mana viper
 11140 | Gauntlet | Found a transporter.
 11146 | Gauntlet | Noticed a sixfirhy
 11149 | Gauntlet | Found a transporter.
 11151 | Gauntlet | Found a transporter.
 11153 | Gauntlet | Noticed a wizard
 11153 | Gauntlet | Noticed a wizard
 11159 | Gauntlet | Found a transporter.
 11173 | Gauntlet | Noticed a catoblepas
 11175 | Gauntlet | Found a transporter.
 11180 | Gauntlet | Found a transporter.
 11192 | Gauntlet | Found the ring of the Octopus King
 11193 | Gauntlet | Found a transporter.
 11200 | Gauntlet | Noticed a thrashing horror
 11201 | Gauntlet | Noticed a thrashing horror
 11203 | Gauntlet | Found a transporter.
 11218 | Gauntlet | Found a transporter.
 11231 | Gauntlet | Found a transporter.
 11231 | Gauntlet | Found a transporter.
 11277 | Gauntlet | Found a transporter.
 11338 | Gauntlet | Noticed a storm dragon
 11427 | Gauntlet | Noticed a satyr
 11466 | Gauntlet | Killed a satyr
 11504 | Gauntlet | Offered knowledge of Airstrike by Vehumet.
 11506 | Gauntlet | Killed a sixfirhy
 11513 | Gauntlet | Got a wavering lapis lazuli ring
 11526 | Gauntlet | Identified the ring of Ozeuh {Str+9 Stlth-} (You found it
                  | in a Gauntlet)
 11600 | Gauntlet | Killed a wizard
 11604 | Gauntlet | Killed a wizard
 11604 | Gauntlet | Reached skill level 10 in Spellcasting
 11611 | Gauntlet | Got a scorched pewter ring
 11618 | Gauntlet | Identified the ring "Nunaceumn" {Str+6 Int+3 SInv} (You
                  | found it in a Gauntlet)
 11646 | Gauntlet | Noticed a minotaur
 11660 | Gauntlet | HP: 3/72 [minotaur/+5 falchion of freezing (1)]
 11661 | Gauntlet | Mangled by a minotaur

Levels and vault maps discovered:
D:1:      dpeg_arrival_short_road, layout_basic, kennysheep_decorative_pillar,
          minmay_heptomino_o4
D:2:      layout_basic, uniq_crazy_yiuf_cottage
D:3:      layout_rooms, lemuel_coloured_pillars_altar
D:4:      layout_cave_pods, lemuel_crystal_altar, nicolae_gozag_seed_capital,
          bloody_trog, okawaru_altar_gauntlet_db, first_ration,
          uniq_blork_the_orc
D:5:      layout_gridville, gammafunk_temple_overflow_statue,
          minmay_temple_entry_proselytizer
D:6:      layout_rooms, old_standard_altar, overflow_temple_1_default
D:7:      layout_loops_ring
D:8:      layout_loops_ring, chequers_temple_overflow_minitemple,
          grunt_decor_cap, hangedman_decor_lopped, blue_anna_alchemist
          [blue_anna_fruit_fields, blue_anna_fruit_fields]
D:9:      layout_loops_cross, serial_shops, nicolae_shop_statue_plus,
          nicolae_shop_stone, kennysheep_mini, nicolae_shop_behind_doors,
          uniq_harold
D:10:     layout_long_grid, lair_entry_dummy
Temple:   jpeg_temple_island
Lair:1:   layout_regular_city, lightli_volcano_entry_magma_tube, uniq_grum
Lair:2:   layout_hall_layers, gauntlet_entry_generic, small_statue_intersection,
          gammafunk_lair_bear_cave, infiniplex_staircase_pool,
          lemuel_fruit_tree, serial_bayou_shore_a, uniq_gastronok
Gauntlet: minmay_gauntlet_77_tree [minmay_gauntlet_arena_77_mirror,
          minmay_gauntlet_arena_77_terracotta_army,
          minmay_gauntlet_arena_77_braids,
          minmay_gauntlet_arena_77_double_cross,
          minmay_gauntlet_arena_77_tiled_triplets,
          minmay_gauntlet_arena_77_block_sizes, minmay_gauntlet_arena_77_museum,
          gauntlet_exit_hidden_loot]

Skill      XL: |  1  2  3  4  5  6  7  8  9 10 11 |
---------------+----------------------------------+-----
Earth Magic    | 4 5 6 7 8 10 11 | 11.1
Conjurations   | 1 4 7 9 10 | 10.0
Spellcasting   | 5 10 | 10.2
Fighting       | 2 6 8 10 | 10.0
Short Blades   | |  0.7
Dodging        | |  2.5
Stealth        | |  2.4
Transmutations | |  1.1

Action                   |  1- 3 |  4- 6 |  7- 9 | 10-12 || total
-------------------------+-------+-------+-------+-------++-------
Melee: Short sword       |    36 |    77 |       |       ||   113
       Dagger            |     7 |    25 |     2 |       ||    34
       Mace              |       |       |    78 |    59 ||   137
Throw: Dart              |       |    49 |    24 |    21 ||    94
       Stone             |       |     3 |       |     1 ||     4
 Cast: Sandblast         |    37 |    33 |    92 |   131 ||   293
       Stone Arrow       |       |     2 |    19 |    39 ||    60
       Lee's Rapid Decon |       |       |     1 |    10 ||    11
Evoke: Wand              |       |       |       |     3 ||     3
  Use: Potion            |     1 |       |       |     1 ||     2
       Scroll            |       |       |     5 |     2 ||     7
 Stab: Sleeping          |     1 |     1 |     3 |     1 ||     6
  Eat: Chunk             |     1 |     6 |    12 |    10 ||    29
       Ration            |       |       |     1 |     2 ||     3
Armor: Robe              |    15 |    30 |    34 |       ||    79
       Troll leather arm |       |       |     8 |    25 ||    33
       Leather armour    |       |       |       |    24 ||    24
Dodge: Dodged            |    54 |    75 |    65 |   107 ||   301

Table legend:
 A = Non-vault XP
 B = Vault XP
 C = Vault XP percentage of total XP
 D = Non-vault monster count
 E = Vault monster count
 F = Vault count percentage of total count
                 A         B        C        D         E       F
            +---------+---------+-------+---------+---------+-------
      Total |   10732 |    9965 |  48.1 |     209 |      39 |  15.7
            +---------+---------+-------+---------+---------+-------
        D:1 |      32 |       4 |  11.1 |      18 |       3 |  14.3
        D:2 |      77 |      39 |  33.6 |      22 |       1 |   4.3
        D:3 |     100 |       0 |   0.0 |      28 |       0 |   0.0
        D:4 |     508 |     128 |  20.1 |      16 |       7 |  30.4
        D:5 |     273 |      41 |  13.1 |      11 |       1 |   8.3
        D:6 |    1153 |       0 |   0.0 |      28 |       0 |   0.0
        D:7 |     815 |       0 |   0.0 |      13 |       0 |   0.0
        D:8 |     210 |      92 |  30.5 |       4 |       1 |  20.0
        D:9 |    1829 |     981 |  34.9 |      23 |       1 |   4.2
       D:10 |    1986 |       0 |   0.0 |      26 |       0 |   0.0
     Lair:1 |    3749 |     430 |  10.3 |      20 |       3 |  13.0
    Volcano |       0 |    4753 | 100.0 |       0 |       8 | 100.0
   Gauntlet |       0 |    3497 | 100.0 |       0 |      14 | 100.0
            +---------+---------+-------+---------+---------+-------
